 Dungeon Crawl Stone Soup version 0.26-a0-365-g11c2b627af (webtiles) character file.

Game seed: 9690759606525482891

5297 MrRokkomies the Martial Artist (level 10, -15/90 HPs)
             Began as a Demigod Transmuter on July 19, 2020.
             Demolished by an ogre
             ... wielding a +0 giant club
              (26 damage)
             ... on level 9 of the Dungeon.
             The game lasted 00:23:13 (9333 turns).

MrRokkomies the Martial Artist (Demigod Transmuter) Turns: 9333, Time: 00:23:13

Health: -15/90     AC:  3    Str: 18    XL:     10   Next: 15%
Magic:  15/15      EV: 20    Int: 21    God:
Gold:   508        SH:  5    Dex: 16    Spells: 5/12 levels left

rFire    . . .     SeeInvis .     - Unarmed
rCold    . . .     Faith    .   (no shield)
rNeg     . . .     Spirit   .   y - +0 robe of Freedom {rPois Regen+ Str+3}
rPois    +         Reflect  +   (no helmet)
rElec    .         Harm     .   A - +0 cloak
rCorr    .                      (no gloves)
MR       ++...                  (no boots)
Stlth    ..........             i - amulet of reflection
HPRegen  0.65/turn              D - ring "Orup" {MR+ Stlth-}
MPRegen  0.14/turn              m - +4 ring of evasion

@: berserk cooldown, very slightly contaminated, slowed, invisible, very slow
A: high mp 1
a: no special abilities


You were on level 9 of the Dungeon.
You visited 1 branch of the dungeon, and saw 9 of its levels.

You collected 584 gold pieces.
You spent 76 gold pieces at shops.

Inventory:

Hand Weapons
 b - a +2 shortbow of freezing
 C - a +0 arbalest
 G - a +0 hunting sling
Missiles
 g - 35 poisoned darts (quivered)
 k - 246 stones
 l - 3 silver javelins
 n - 83 sling bullets
 F - a throwing net
 H - 16 arrows
Armour
 a - a +0 robe
 s - a +1 scale mail of fire resistance
 y - the +0 robe of Freedom (worn) {rPois Regen+ Str+3}
   (You found it on level 7 of the Dungeon)

   It affects your strength (+3).
   It protects you from poison.
   It increases your rate of regeneration.
 A - a +0 cloak (worn)
Magical Staves
 u - an uncursed staff of fire
Jewellery
 h - an uncursed ring of stealth
 i - an amulet of reflection (around neck)
 m - a +4 ring of evasion (right hand)
 B - an uncursed amulet of magic regeneration {unknown}
 D - the ring "Orup" (left hand) {MR+ Stlth-}
   (You found it on level 10 of the Dungeon)

   [ring of attention]

   It affects your resistance to hostile enchantments.
   It makes you less stealthy.
Wands
 e - a wand of flame (15)
Scrolls
 f - 3 scrolls of remove curse
 j - 5 scrolls of teleportation
 p - 5 scrolls of identify
 q - 3 scrolls of immolation
 v - 3 scrolls of magic mapping
 E - a scroll of enchant armour
Potions
 d - a potion of haste
 o - a potion of ambrosia
 r - 2 potions of mutation
 w - a potion of lignification
 x - a potion of stabbing


   Skills:
 * Level 8.7 Fighting
 + Level 6.3 Dodging
 * Level 9.1 Unarmed Combat
 - Level 1.7 Spellcasting
 + Level 4.3 Transmutations


You had 5 spell levels left.
You knew the following spells:

 Your Spells              Type           Power        Failure   Level
a - Beastly Appendage     Tmut           ###...       2%          1
b - Wereblood             Tmut           ###.....     4%          2
c - Ice Form              Ice/Tmut       ##......     52%         4

Your spell library contained the following spells:

 Spells                   Type           Power        Failure   Level
 Magic Dart               Conj           #...         16%         1
 Spider Form              Tmut/Pois      ##........   19%         3
 Searing Ray              Conj           #.....       22%         2
 Dazzling Flash           Conj/Hex       #.....       41%         3
 Blade Hands              Tmut           ###.......   58%         5
 Fulminant Prism          Conj/Hex       #.........   83%         4
 Iskenderun's Mystic Bla  Conj/Tloc      #.......     83%         4


Dungeon Overview and Level Annotations

Branches:
Dungeon (10/15)            Temple (0/1) D:5
   Lair: D:8-11         Orc: D:9-12

Shops:
D:10 (

Portals:
Trove: D:10 (give +3 shadow dragon scales)

Annotations:
D:7 3 runed translucent doors, sbaton's ghost, novice TrBe


Innate Abilities, Weirdness & Mutations

You have an increased reservoir of magic. (+10% MP)


Message History

You fade into invisibility!
You are very lightly contaminated with residual magic.
Throwing (i - inventory. (/) - cycle)
g - 36 poisoned darts (quivered)
Press: ? - help, Shift-Dir - straight line, f - ogre
Aim: an ogre, wielding a +0 giant club You throw a poisoned dart.
The poisoned dart hits the ogre.
The ogre is poisoned.
You hear a roar!
You block the ogre's attack.
You punch the ogre!
The ogre is moderately wounded.
You howl as the wereblood boils in your veins!
Your primal bloodlust has ended.
The six-headed hydra roars!
The ogre misses you.
You punch the ogre!
The ogre is severely wounded.
The six-headed hydra roars!
The ogre hits you with a +0 giant club!!
You die...

. .# o. ###.#.. ... .......
.... ........#### .....
...........###
......########............###
........)...................#
.......).†(O@................
...##########................
. #................
..###................
....#.D.........>....#
.....................##
.......................#
...................###...
#..............).....## ##..


You could see a six-headed hydra (wandering) and an ogre (poisoned).

Vanquished Creatures
  A troll (D:10)
  Grinder (D:3)
  3 wraiths
  A wyvern (D:10)
  Grum (D:9)
  3 orc warriors
  An ice beast (D:10)
  A black bear (D:7)
  4 necrophages
  A sky beast (D:7)
  3 ogres
  2 phantoms (D:7)
  2 wolves (D:9)
  3 centaurs
  2 big kobolds
  A gnoll sergeant (D:7)
  6 bullfrogs
  An elf skeleton (D:7)
  2 elf zombies (D:7)
  A wyvern skeleton (D:6)
  2 scorpions
  5 killer bees (D:10)
  A howler monkey (D:5)
  2 wights (D:7)
  A bullfrog zombie (D:6)
  A jelly (D:10)
  3 hounds
  2 human zombies (D:7)
  3 orc priests
  2 bullfrog skeletons
  2 orc wizards (D:6)
  Ijyb (D:3)
  Natasha (thrice) (D:3)
  10 worker ants
  A hound skeleton (D:10)
  A mummy (D:7)
  A howler monkey zombie (D:5)
  17 gnolls
  7 adders
  2 shadow imps
  5 white imps
  3 ufetubi
  An adder zombie (D:7)
  4 worms
  A dart slug (D:1)
  5 leopard geckos
  15 orcs
  5 ball pythons
  2 giant cockroaches
  6 goblins
  A hobgoblin (D:3)
  7 jackals
  14 kobolds
  4 quokkas
  7 bats
  6 frilled lizards
  2 quokka skeletons
  6 rats
201 creatures vanquished.

Notes
Turn   | Place    | Note
-------+----------+-------------------------------------------
     0 | D:1      | MrRokkomies the Demigod Transmuter began the quest for the
                  | Orb.
     0 | D:1      | Reached XP level 1. HP: 15/15 MP: 5/5
    56 | D:1      | Reached skill level 1 in Fighting
   441 | D:1      | Reached XP level 2. HP: 23/23 MP: 7/7
   483 | D:1      | Reached skill level 3 in Unarmed Combat
  1291 | D:2      | Reached XP level 3. HP: 22/29 MP: 8/8
  1981 | D:2      | Reached XP level 4. HP: 14/37 MP: 7/9
  1985 | D:2      | Learned a level 2 spell: Wereblood
  2358 | D:3      | Noticed Natasha
  2417 | D:3      | Killed Natasha
  2444 | D:3      | Noticed Natasha
  2448 | D:3      | Killed Natasha
  2448 | D:3      | Reached skill level 4 in Unarmed Combat
  2602 | D:3      | Noticed Grinder
  2617 | D:3      | Noticed Natasha
  2624 | D:3      | Killed Natasha
  2624 | D:3      | Reached XP level 5. HP: 41/45 MP: 8/10
  2777 | D:3      | Noticed Ijyb
  2952 | D:3      | Killed Ijyb
  3036 | D:3      | Found a snail-covered altar of Cheibriados.
  3246 | D:3      | Paralysed by Grinder for 4 turns
  3266 | D:3      | Killed Grinder
  3266 | D:3      | Reached XP level 6. HP: 23/52 MP: 11/11
  3596 | D:4      | Reached skill level 5 in Unarmed Combat
  4064 | D:4      | Found a white marble altar of Elyvilon.
  4236 | D:4      | Reached XP level 7. HP: 60/60 MP: 12/12
  4683 | D:5      | Entered Level 5 of the Dungeon
  4953 | D:5      | Found a staircase to the Ecumenical Temple.
  5584 | D:5      | Reached skill level 5 in Fighting
  5651 | D:5      | Reached skill level 6 in Unarmed Combat
  6093 | D:6      | Reached XP level 8. HP: 61/69 MP: 11/13
  7013 | D:7      | Reached skill level 7 in Unarmed Combat
  7123 | D:7      | Got an ancient robe
  7134 | D:7      | Identified the +0 robe of Freedom {rPois Regen+ Str+3} (You
                  | found it on level 7 of the Dungeon)
  7220 | D:7      | Reached skill level 5 in Dodging
  7440 | D:7      | Reached XP level 9. HP: 64/78 MP: 14/14
  7454 | D:7      | Found an ancient bone altar of Kikubaaqudgha.
  7598 | D:7      | Reached skill level 8 in Unarmed Combat
  7914 | D:7      | Noticed sbaton's ghost (novice TrBe)
  7940 | D:7      | Found a runed translucent gate.
  7940 | D:7      | Found a runed translucent gate.
  7940 | D:7      | Found a runed translucent gate.
  7977 | D:7      | You fall into a shaft and drop 3 floors!
  7977 | D:10     | Entered Level 10 of the Dungeon
  8174 | D:10     | Found Lavo's Weapon Boutique.
  8185 | D:10     | Bought a +0 arbalest for 76 gold pieces
  8271 | D:10     | Got a wavering copper ring
  8273 | D:10     | Identified the ring "Orup" {MR+ Stlth-} (You found it on
                  | level 10 of the Dungeon)
  8546 | D:9      | Noticed a six-headed hydra
  8571 | D:10     | Found a portal to a secret trove of treasure.
  8963 | D:10     | Reached XP level 10. HP: 28/89 MP: 15/15
  9081 | D:9      | Reached skill level 9 in Unarmed Combat
  9218 | D:9      | Learned a level 4 spell: Ice Form
  9287 | D:9      | Noticed Grum
  9315 | D:9      | HP: 2/90 [Grum/+0 spear (20)]
  9322 | D:9      | Killed Grum
  9333 | D:9      | Demolished by an ogre

Illustrated notes

Levels and vault maps discovered:
D:1:      lightli_arrival_lavapool, layout_loops_ring, minmay_cupped
D:2:      layout_rooms
D:3:      layout_basic, cheibriados_altar_1, uniq_grinder, uniq_ijyb,
          uniq_natasha
D:4:      layout_loops_ring, elyvilon_altar_3, minmay_misc_feat_alley,
          st_stairs_13
D:5:      layout_loops_corners, minmay_temple_entry_arrows, minivault_27
D:6:      minmay_general_purpose_star, layout_basic, minivault_22
D:7:      layout_gridville, gammafunk_ghost_icy,
          lemuel_mausoleum_altar_kikubaaqudgha
D:9:      layout_cave_pods, uniq_gastronok, uniq_joseph, uniq_pikel, uniq_grum
D:10:     layout_loops_corners, enter_trove_1, serial_shops, shop,
          nicolae_benzene_ring

Skill      XL: |  1  2  3  4  5  6  7  8  9 10 |
---------------+-------------------------------+-----
Fighting       | 1 2 3 4 5 7 8 |  8.7
Dodging        | 2 3 4 5 6 |  6.3
Unarmed Combat | 3 4 5 6 7 8 9 |  9.1
Transmutations | 2 4 |  4.3
Spellcasting   | |  1.7

Action                   |  1- 3 |  4- 6 |  7- 9 | 10-12 || total
-------------------------+-------+-------+-------+-------++-------
Melee: Unarmed           |   115 |   124 |   505 |    37 ||   781
       Punch             |     3 |     1 |     7 |     1 ||    12
       Kick              |     8 |    26 |   108 |     9 ||   151
       Headbutt          |     4 |    19 |    68 |     9 ||   100
 Fire: Hunting sling     |    20 |    29 |       |       ||    49
       Shortbow          |       |       |       |     1 ||     1
Throw: Javelin           |       |     3 |       |       ||     3
       Dart              |       |     6 |    54 |     4 ||    64
 Cast: Beastly Appendage |     5 |    10 |    36 |     2 ||    53
       Wereblood         |       |     1 |       |     1 ||     2
  Use: Scroll            |     6 |       |    11 |       ||    17
       Potion            |       |       |     1 |     4 ||     5
 Stab: Sleeping          |     3 |     1 |     6 |       ||    10
Armor: Robe              |    29 |     7 |    11 |     2 ||    49
       Scale mail        |       |     7 |    32 |       ||    39
Dodge: Dodged            |    97 |    65 |   301 |    52 ||   515
Block: Other             |     9 |    29 |    98 |    17 ||   153
       Reflection        |     1 |     1 |       |     1 ||     3

Table legend: (Time is in decaauts)
 A = Elapsed time spent in this place.
 B = Non-inter-level travel time spent in this place.
 C = Inter-level travel time spent in this place.
 D = Time resting spent in this place.
 E = Time spent auto-exploring this place.
 F = Levels seen in this place.
 G = Mean time per level.
                   A        B        C        D        E       F      G
               +--------+--------+--------+--------+--------+-----+--------+
         Total |   9279 |   9166 |    113 |   1710 |   5717 |   9 | 1031.0 |
       Dungeon |   9279 |   9166 |    113 |   1710 |   5717 |   9 | 1031.0 |
               +--------+--------+--------+--------+--------+-----+--------+
